 Dungeon Crawl Stone Soup version 0.21.1-1-g345015fe64 (webtiles) character file.

667 KleinerIrrer the Chopper (level 7, -1/54 HPs)
             Began as a Formicid Fighter on Apr 4, 2018.
             Slain by a gnoll
             ... wielding a +0 halberd
              (2 damage)
             ... on level 4 of the Dungeon.
             The game lasted 00:01:17 (5392 turns).

KleinerIrrer the Chopper (Formicid Fighter)         Turns: 5392, Time: 00:01:18

Health: -1/54      AC:  6    Str: 22    XL:     7   Next: 88%
Magic:  7/7        EV:  8    Int:  8    God:
Gold:   231        SH: 10    Dex: 10    Spells: 6/6 levels left

rFire    . . .     SeeInvis +   Y - +1 war axe
rCold    . . .     Gourm    .   c - +0 shield
rNeg     . . .     Faith    .   b - +0 scale mail
rPois    .         Spirit   .   (helmet unavailable)
rElec    .         Reflect  .   (no cloak)
rCorr    +         Harm     .   (no gloves)
MR       .....                  (no boots)
Stlth    ..........             (no amulet)
HPRegen  0.18/turn              o - ring of resist corrosion
MPRegen  0.10/turn              (no ring)

@: lethally poisoned (-1 -> -2), glowing
A: permanent stasis, dig shafts and tunnels, four strong arms, antennae 3
a: Dig, Shaft Self


You were on level 4 of the Dungeon.
You were hungry.

You visited 1 branch of the dungeon, and saw 4 of its levels.

You collected 231 gold pieces.


Innate Abilities, Weirdness & Mutations

You cannot be hasted, slowed, berserked, paralysed or teleported.
You can dig through walls and to a lower floor.
Your four strong arms can wield two-handed weapons with a shield.
You have a pair of large antennae on your head. (SInv)


   Skills:
 - Level 4.1 Fighting
 + Level 7.2 Axes
 - Level 3.2 Armour
 - Level 1.0 Dodging
 - Level 5.0 Shields


You had 6 spell levels left.
You didn't know any spells.

Inventory:

Hand Weapons
 a - a +0 mace
 Y - a +1 war axe (weapon)
Armour
 b - a +0 scale mail (worn)
 c - a +0 shield (worn)
 m - a +2 ring mail of poison resistance
Jewellery
 g - a +5 ring of intelligence {unknown}
 i - a +4 ring of intelligence {unknown}
 j - an uncursed amulet of rage {unknown}
 l - an uncursed ring of stealth {unknown}
 n - an uncursed ring of stealth {unknown}
 o - a ring of resist corrosion (left hand)
Scrolls
 e - a scroll of remove curse {unknown}
 r - a scroll of identify
Potions
 d - a potion of might
 f - a potion of cancellation {unknown}
 h - a potion of agility {unknown}
 k - 3 potions of curing
Comestibles
 p - a chunk of flesh
 q - a ration

Dungeon Overview and Level Annotations

Branches:
Dungeon (4/15)
 Temple: D:4-7

Altars:
Qazlal
Wu Jian


Message History

You are poisoned.
The adder poisons you! The gnoll hits you but does no damage.
You hit the adder.
The adder is heavily wounded.
You feel sick.
The gnoll hits you from afar with a halberd.
You block the gnoll's attack. The adder barely misses you.
The gnoll hits you from afar with a halberd!
You block the gnoll's attack.
Your shield and scale mail prevent you from hitting the adder.
The adder is heavily wounded.
You block the adder's attack.
The gnoll hits you from afar with a halberd.
You block the gnoll's attack. The adder bites you.
You closely miss the adder.
The adder is heavily wounded.
You hit the gnoll.
You feel sick.
The gnoll hits you from afar with a halberd.
You die...

# #.# { #.#
.........# #.#
#...(....#
##+########........#
#.^.......#........#
#.........#...g....#
#.<.......#..ggg...#
##+#.....##..)Sg...#
##
#.#.###.##...@....#
.# #.#.#
#.#####'#####
.###.#.###.##....#
...........##.####
#############.#
..... #.# ..### #.#
..# #.# ..# #.#


You could see 5 gnolls and an adder.

Vanquished Creatures
  Menkaure (D:4)
  The ghost of martbhell the Slasher, an amateur MiGl of Uskayaw (D:3)
  2 ogres (D:4)
  A gnoll shaman (D:4)
  A hound (D:4)
  An iguana (D:4)
  3 gnolls (D:2)
  9 adders
  An adder skeleton (D:4)
  5 worms
  6 dart slugs
  3 leopard geckos
  An orc (D:3)
  12 bats
  10 giant cockroaches
  7 goblins
  4 hobgoblins
  2 jackals (D:3)
  A quokka (D:2)
  2 ball pythons
  4 frilled lizards
  7 kobolds
  12 rats
  A plant (D:4)
97 creatures vanquished.

Notes
Turn   | Place    | Note
-------+----------+-------------------------------------------
     0 | D:1      | KleinerIrrer the Formicid Fighter began the quest for the Orb.
     0 | D:1      | Reached XP level 1. HP: 18/18 MP: 1/1
     0 | D:1      | 0 ||| counter = 43
   109 | D:1      | Reached XP level 2. HP: 24/24 MP: 2/2
   207 | D:1      | Reached skill level 3 in Axes
   406 | D:1      | Reached XP level 3. HP: 20/29 MP: 3/3
   811 | D:1      | 811 ||| READING scroll labeled QEUSCH COFUETE.
   812 | D:1      | 812 ||| READING scroll labeled PYFUBL FEVVO.
   813 | D:1      | 813 ||| READING scroll labeled GEINNO KUOMNANT.
   814 | D:1      | 814 ||| READING scroll labeled NABRIY JOVVUKH.
   815 | D:1      | 815 ||| DRINKING 2 puce potions.
   816 | D:1      | 816 ||| DRINKING 3 dark potions.
   817 | D:1      | 817 ||| DROPPING potion of flight.
   910 | D:2      | 910 ||| STAIRDANCE
  1028 | D:2      | Reached skill level 4 in Axes
  1028 | D:2      | Reached XP level 4. HP: 35/35 MP: 4/4
  1133 | D:2      | Found a stormy altar of Qazlal.
  1205 | D:2      | 1205 ||| STAIRDANCE
  1281 | D:2      | 1281 ||| STAIRDANCE
  1439 | D:2      | HP: 8/35 [poisoned by an adder]
  1447 | D:2      | HP: 7/35 [poisoned by an adder]
  1640 | D:2      | 1640 ||| EATING 2 rations.
  2204 | D:2      | Found an ornate altar of the Wu Jian Council.
  2210 | D:2      | Reached XP level 5. HP: 41/41 MP: 5/5
  2261 | D:2      | 2261 ||| READING scroll labeled YZUIR IDUIMNATOPH.
  2262 | D:2      | 2262 ||| READING 3 scrolls labeled WOENLE EJUFAL.
  2263 | D:2      | 2263 ||| READING scroll labeled AVONINAUFA.
  2264 | D:2      | 2264 ||| READING 2 scrolls of identify.
  2264 | D:2      | 2264 ||| IDENTIFYING inky potion
  2265 | D:2      | 2265 ||| DROPPING potion of degeneration.
  2322 | D:3      | 2322 ||| STAIRDANCE
  2340 | D:3      | 2340 ||| STAIRDANCE
  2344 | D:2      | Reached skill level 5 in Axes
  2501 | D:3      | 2501 ||| STAIRDANCE
  2502 | D:3      | Noticed martbhell's ghost (amateur MiGl)
  2505 | D:2      | Reached skill level 1 in Dodging
  2528 | D:3      | 2528 ||| STAIRDANCE
  2574 | D:3      | 2574 ||| STAIRDANCE
  2688 | D:3      | 2688 ||| STAIRDANCE
  2734 | D:3      | 2734 ||| STAIRDANCE
  2734 | D:3      | HP: 9/41 [martbhell's ghost (11)]
  2986 | D:3      | 2986 ||| STAIRDANCE
  3165 | D:2      | 3165 ||| EATING ration.
  3169 | D:3      | 3169 ||| STAIRDANCE
  3267 | D:3      | 3267 ||| STAIRDANCE
  3326 | D:3      | 3326 ||| STAIRDANCE
  3386 | D:3      | 3386 ||| STAIRDANCE
  3446 | D:3      | 3446 ||| STAIRDANCE
  3505 | D:3      | Killed martbhell's ghost
  3505 | D:3      | Reached XP level 6. HP: 42/47 MP: 6/6
  3574 | D:3      | 3574 ||| DROPPING club.
  3655 | D:3      | 3655 ||| STAIRDANCE
  3693 | D:2      | 3693 ||| READING scroll of identify.
  3693 | D:2      | 3693 ||| IDENTIFYING shiny emerald ring
  3694 | D:2      | 3694 ||| UPGRADING to ring of resist corrosion.
  3998 | D:3      | 3998 ||| Stepping ~*~*~tactically~*~*~ (water).
  4207 | D:4      | 4207 ||| Stepping ~*~*~tactically~*~*~ (water).
  4213 | D:4      | Noticed Menkaure
  4215 | D:4      | 4215 ||| Stepping ~*~*~tactically~*~*~ (water).
  4225 | D:4      | HP: 10/47 [??? (7)]
  4227 | D:4      | Killed Menkaure
  4227 | D:4      | Reached skill level 6 in Axes
  4227 | D:4      | Reached XP level 7. HP: 7/52 MP: 7/7
  4307 | D:4      | 4307 ||| Stepping ~*~*~tactically~*~*~ (water).
  4556 | D:4      | 4556 ||| EATING ration.
  4689 | D:4      | 4689 ||| Stepping ~*~*~tactically~*~*~ (water).
  4697 | D:4      | 4697 ||| Stepping ~*~*~tactically~*~*~ (water).
  5348 | D:4      | Reached skill level 7 in Axes
  5390 | D:4      | HP: 5/54 [gnoll/halberd (15)]
  5391 | D:4      | HP: 2/54 [adder (2)]
  5392 | D:4      | Slain by a gnoll

Vault maps used:
D:1:      onia_arrival_larder
D:2:      lemuel_upstairs_altar, lemuel_round_altar, grunt_ministairs_7,
          grunt_qazlal_clouds
D:3:      gup_sewer_entry_pipe
D:4:      serial_bayou, serial_bayou_pond_a, serial_bayou_lagoon_a,
          serial_bayou_pond_e, serial_bayou_shore_b, uniq_menkaure

Skill      XL: |  1  2  3  4  5  6  7 |
---------------+----------------------+-----
Axes           | 3 4 5 6 7 |  7.2
Dodging        | 1 |  1.0
Shields        | 5 |  5.0
Fighting       | 4 |  4.1
Armour         | |  3.2

Action                   |  1- 3 |  4- 6 |  7- 9 || total
-------------------------+-------+-------+-------++-------
Melee: War axe           |    93 |   192 |    44 ||   329
Throw: Javelin           |       |     4 |     5 ||     9
  Use: Scroll            |     4 |     5 |       ||     9
       Potion            |     2 |       |       ||     2
  Eat: Chunk             |     1 |     3 |       ||     4
       Ration            |       |     2 |     1 ||     3
Armor: Scale mail        |    41 |    75 |     9 ||   125
Dodge: Dodged            |    37 |    60 |    12 ||   109
Block: Shield            |    49 |   107 |    22 ||   178

Table legend:
 A = Spawn XP
 B = Non-spawn XP
 C = Spawn XP percentage of total XP
 D = Spawn monster count
 E = Non-spawn monster count
 F = Spawn count percentage of total count
 G = Total turns spent on level
                    A         B        C        D         E        F      G
               +---------+---------+-------+---------+---------+-------+---------
         Total |       0 |     954 |   0.0 |       0 |      96 |   0.0 |  5392
               +---------+---------+-------+---------+---------+-------+---------
           D:1 |       0 |      46 |   0.0 |       0 |      27 |   0.0 |  1099
           D:2 |       0 |     161 |   0.0 |       0 |      32 |   0.0 |  2394
           D:3 |       0 |     157 |   0.0 |       0 |      20 |   0.0 |   683
           D:4 |       0 |     590 |   0.0 |       0 |      17 |   0.0 |  1216
               +---------+---------+-------+---------+---------+-------+---------
